 Dungeon Crawl Stone Soup version 0.02-122-g12e50fee3c (webtiles) character file.

Game seed: 16479656817997931211, levelgen mode: deterministic

1388 Apogee the Zephyrmancer (level 8, 0/5 HPs) Fairy Air Elementalist. Began on Oct 12, 2020. Slain by a hog (1 damage) ... on level 4 of the Dungeon. The game lasted 00:08:56 (3055 turns).

Apogee the Zephyrmancer (Fairy Air Elementalist)    Turns: 3055, Time: 00:08:57

Health: 0/5        AC:  0    Str:  2    XL:     8 ^: 815
Magic:  3/3        EV: 24    Int: 20    God:
Gold:   213        SH:  0    Dex: 18    Spells: 7/19 levels left

rFire    . . .     Vision   .   (no jewelry)
rCold    . . .     Gourm    .
rNeg     . . .     Faith    .
rPois    .         Spirit   .
rElec    .         Reflect  .
rCorr    .         Harm     .
MR       +....
Stlth    +.........
HPRegen  0.11/turn
MPRegen  0.13/turn

@: sluggish, glowing, very slow
A: tiny, no armour or weapons, only one jewelry slot, no melee attacks, fairy
magic, fairy shield, fairy light, decreased potion and divine healing, slowness
1, able to fly, insubstantial
a: Fly


You were on level 4 of the Dungeon.
You were not hungry.

You visited 1 branch of the dungeon, and saw 4 of its levels.

You collected 213 gold pieces.

Inventory:

Wands
 g - a wand of enslavement (1)
Scrolls
 a - 3 scrolls of teleportation
 c - a scroll of enchantment
 d - a scroll of fear
Potions
 b - a potion of haste
 e - 2 potions of curing
 h - a potion of heal wounds
 j - 2 potions of might
Comestibles
 f - 3 rations


   Skills:
 - Level 2.6 Dodging
 - Level 1.4 Stealth
 + Level 6.1 Spellcasting
 + Level 9.5 Air Magic


You had 7 spell levels left.
You knew the following spells:

 Your Spells              Type           Power        Failure   Level  Hunger
a - Shock                 Air            25 (25)      1%          1    None
b - Swiftness             Chrm/Air       25 (100)     2%          2    None
c - Airstrike             Air            44 (200)     1%          4    ####...
d - Lightning Bolt        Air            44 (200)     6%          5    #####..

Your spell library contained the following spells:

 Spells                   Type           Power        Failure   Level  Hunger
 Static Discharge         Air            44 (100)     1%          3    ##.....


Dungeon Overview and Level Annotations

Branches:
Dungeon (4/8)
 Temple: D:4

Altars:
Dithmenos
Trog

Shops:
D:3 *

Annotations:
D:4 exclusion: slave


Innate Abilities, Weirdness & Mutations

You are too small to use any gear.
You can wear a single ring or amulet completely around your body.
You are incapable of melee of any kind.
Your magic reserves are extremely low but spells that normally cost one mana are free and all other spells cost one mana.
You are extremely frail but all attacks that strike you do exactly one damage.
You exude a bright light in a small radius around yourself.
The effect of potions and godly healing effects is reduced to match your tiny health and magic reserves.
You cover ground slowly.
You can fly continuously.
Your insubstantial form boosts your evasion and grants immunity to sticky flames, nets and constriction.


Message History

Casting: Airstrike (safe; 1% risk of failure)
Confirm with . or Enter, or press ? or * to list all spells.
You feel quick.
The hog completely misses you (0). x2; The hog misses you (0).
The hog closely misses you (0). The hog closely misses you (0).
The hog closely misses you (0).
There is an open door here.
You start to feel a little slower.
The hog misses you (0). The hog bites you (11)! The hog barely misses you (0).
The hog bites you (5).
You feel sluggish. The hog misses you (0). The hog barely misses you (0).
The hog bites you (4). The hog completely misses you (0).
The hog closely misses you (0). The hog closely misses you (0).
The hog bites you (10)!
* * * LOW HITPOINT WARNING * * *
You start to feel a little faster.
The hog closely misses you (0). x2; The hog bites you (4).
You die...

.................................
.................................
.................................
###..............................
..#..............................
..#........................
..#........................
..#............hh........<.
..#...........ph@..........
.########....######'######## .#
...........#........<.# .#
...........#..........# .#
...........#..........#
.########.......#..........#
........#####...#..........#
.#......#...#...########'#.#####
.#......#.......#....#...#.....#


You could see 3 hogs and a human.

Vanquished Creatures
  A moth of wrath (D:3)
  An orc warrior (D:4)
  Ijyb (D:3)
  2 big kobolds (D:2)
  2 bullfrogs (D:4)
  A scorpion (D:4)
  A crimson imp (D:3)
  3 hounds
  A jelly (D:2)
  3 worker ants (D:3)
  An orc wizard (D:3)
  2 bullfrog zombies (D:4)
  2 shadow imps
  5 adders
  4 gnolls (D:3)
  8 sewer rats (D:2)
  5 cinder newts
  4 worms (D:3)
  An ooze (D:2)
  2 dart slugs
  3 leopard geckos
  8 orcs
  3 bats
  A giant cockroach (D:2)
  2 hobgoblins (D:1)
  3 jackals (D:3)
  2 quokkas
  5 ball pythons
  10 kobolds
  3 rats
  2 withered plants (D:2)
92 creatures vanquished.

Vanquished Creatures (others)
  31 withered plants (D:2)
31 creatures vanquished.

Grand Total: 123 creatures vanquished

Notes
Turn   | Place    | Note
-------+----------+-------------------------------------------
     0 | D:1      | Apogee the Fairy Air Elementalist began the quest for the
                  | Orb.
     0 | D:1      | Reached XP level 1. HP: 3/3 MP: 3/3
   108 | D:1      | Reached XP level 2. HP: 3/3 MP: 3/3
   112 | D:1      | Learned a level 2 spell: Swiftness
   122 | D:2      | Noticed a big kobold
   132 | D:2      | Found a shadowy altar of Dithmenos.
   151 | D:2      | Killed a big kobold
   151 | D:2      | Reached skill level 5 in Air Magic
   151 | D:2      | Reached XP level 3. HP: 3/4 MP: 3/3
   151 | D:2      | Reached XP level 4. HP: 3/4 MP: 3/3
   268 | D:2      | Reached XP level 5. HP: 4/4 MP: 3/3
   327 | D:2      | Reached skill level 6 in Air Magic
   414 | D:2      | Learned a level 4 spell: Airstrike
   505 | D:2      | Reached XP level 6. HP: 4/5 MP: 1/3
   912 | D:2      | Reached skill level 7 in Air Magic
  1794 | D:3      | Reached skill level 8 in Air Magic
  1794 | D:3      | Reached XP level 7. HP: 5/5 MP: 2/3
  1926 | D:3      | Found Sezennyb's Assorted Antiques.
  1940 | D:3      | Noticed Ijyb
  1943 | D:3      | Killed Ijyb
  2216 | D:3      | Noticed a moth of wrath
  2219 | D:3      | Found a bloodstained altar of Trog.
  2222 | D:3      | Killed a moth of wrath
  2222 | D:3      | Reached skill level 5 in Spellcasting
  2222 | D:3      | Reached skill level 9 in Air Magic
  2222 | D:3      | Reached XP level 8. HP: 5/5 MP: 0/3
  2462 | D:3      | Learned a level 5 spell: Lightning Bolt
  3055 | D:4      | Slain by a hog

Levels and vault maps discovered:
D:1:      wander_arrival_peaceful_grave, layout_basic, st_stairs_9
D:2:      layout_sewer, nicolae_dithmenos_shadow_blocks, hex_tiny
D:3:      layout_loops_ring, tgw_trog, serial_shops, shop, first_ration,
          uniq_ijyb
D:4:      layout_grid_maze, minmay_temple_entry_ruins, grunt_livestock,
          uniq_harold, uniq_pikel

Skill      XL: |  1  2  3  4  5  6  7  8 |
---------------+-------------------------+-----
Air Magic      | 5 6 8 9 |  9.5
Spellcasting   | 5 6 |  6.1
Dodging        | |  2.6
Stealth        | |  1.4

Action                   |  1- 3 |  4- 6 |  7- 9 || total
-------------------------+-------+-------+-------++-------
 Cast: Shock             |    25 |    39 |    13 ||    77
       Airstrike         |       |    42 |    48 ||    90
       Swiftness         |       |     1 |     1 ||     2
  Eat: Chunk             |       |    11 |    10 ||    21
       Ration            |       |     1 |     1 ||     2
Dodge: Dodged            |    28 |    36 |    26 ||    90
